 Dungeon Crawl Stone Soup version 0.24.0-37-gcf1ca852f1 (webtiles) character file.

Game seed: 6140675884379294613, levelgen mode: deterministic

179 Heliosone the Sneak (level 5, 0/35 HPs)
             Began as a Halfling Abyssal Knight on Nov 24, 2019.
             Was a Believer of Lugonu.
             Slain by an orc
             ... wielding a +0 mace
              (6 damage)
             ... on level 3 of the Dungeon.
             The game lasted 00:04:38 (3062 turns).

Heliosone the Sneak (Halfling Abyssal Knight)       Turns: 3062, Time: 00:04:38

Health: 0/35       AC:  3    Str: 13    XL:     5   Next: 90%
Magic:  6/6        EV: 13    Int: 11    God:    Lugonu [**....]
Gold:   117        SH:  0    Dex: 14    Spells: 4/4 levels left

rFire    + . .     SeeInvis .   a - +1 short sword
rCold    . . .     Gourm    .   (shield restricted)
rNeg     . . .     Faith    .   b - +0 leather armour
rPois    .         Spirit   .   (no helmet)
rElec    .         Reflect  .   (no cloak)
rCorr    .         Harm     .   (no gloves)
MR       .....                  (no boots)
Stlth    +++.......             (no amulet)
HPRegen  0.11/turn              l - ring of protection from fire
MPRegen  0.10/turn              (no ring)

@: no status effects
A: small, mutation resistance 1
a: Depart the Abyss, Bend Space, Renounce Religion


You were on level 3 of the Dungeon.
You worshipped Lugonu.
Lugonu was pleased with you.
You were not hungry.

You visited 1 branch of the dungeon, and saw 3 of its levels.
You visited the Abyss 1 time.

You collected 117 gold pieces.

Inventory:

Hand Weapons
 a - a +1 short sword (weapon)
Missiles
 n - 11 poisoned darts (quivered)
Armour
 b - a +0 leather armour (worn)
Jewellery
 h - a cursed -3 ring of dexterity {unknown}
 l - a ring of protection from fire (left hand)
 m - an uncursed ring of teleportation
 o - a +4 ring of protection {unknown}
Scrolls
 f - 2 scrolls of immolation
 g - a scroll of noise {unknown}
 i - 5 scrolls of identify
 j - 4 scrolls of teleportation {unknown}
Potions
 d - 2 potions of agility {unknown}
 e - a potion of ambrosia {unknown}
 k - a potion of curing {unknown}
 p - a potion of might {unknown}
Comestibles
 c - 6 rations
 q - a chunk of flesh


   Skills:
 - Level 2.6 Fighting
 - Level 2.4 Short Blades
 - Level 2.1 Armour
 - Level 1.1 Dodging
 + Level 6.2 Stealth
 - Level 2.0 Invocations


You had 4 spell levels left.
You didn't know any spells.
Your spell library was empty.

Dungeon Overview and Level Annotations

Branches:
Dungeon (3/15)

Altars:
Dithmenos
Makhleb
Zin

Annotations:
D:3 1 transporter, Bstoun's ghost, amateur HOFi


Innate Abilities, Weirdness & Mutations

You are small and have problems with some larger weapons.
You are somewhat resistant to further mutation.


Message History

The orc wizard is severely wounded.
You feel less confused. The orc wizard barely misses you.
You closely miss the orc wizard.
The orc wizard is severely wounded.
The orc wizard hits you but does no damage.
You hit the orc wizard.
The orc wizard is almost dead.
The orc wizard hits you with a +0 dagger of protection.
You hit the orc wizard.
You kill the orc wizard!
Lugonu accepts your kill.
Your Stealth skill increases to level 6!
You puncture the frilled lizard!
You kill the frilled lizard!
Lugonu accepts your kill.
You can now bend space around yourself.
You closely miss the orc. The orc hits you with a +0 mace.
* * * LOW HITPOINT WARNING * * *
You barely miss the orc. The orc hits you with a +0 mace.
You die...

#####
##################...#
#....o@..............#
#.################...##
#..... #..##. #.....
#####.#... ..........
.. ####.....
....#####...


You could see an orc.

Vanquished Creatures
  2 orc wizards (D:3)
  3 gnolls
  2 adders
  2 dart slugs (D:1)
  4 leopard geckos
  7 orcs (D:3)
  6 bats
  5 giant cockroaches
  6 goblins
  5 hobgoblins
  6 jackals (D:2)
  4 kobolds (D:1)
  2 ball pythons
  5 frilled lizards
  5 rats
64 creatures vanquished.

Notes
Turn   | Place    | Note
-------+----------+-------------------------------------------
     0 | Abyss:1  | Heliosone the Halfling Abyssal Knight began the quest for
                  | the Orb.
     0 | Abyss:1  | Reached XP level 1. HP: 15/15 MP: 2/2
     0 | D:1      | Escaped the Abyss
    25 | D:1      | Reached skill level 1 in Stealth
   176 | D:1      | Reached XP level 2. HP: 20/20 MP: 3/3
   211 | D:1      | Reached skill level 2 in Stealth
   312 | D:1      | Reached * piety under Lugonu
   431 | D:1      | Reached XP level 3. HP: 25/25 MP: 4/4
   472 | D:1      | Reached skill level 3 in Stealth
  1128 | D:2      | Reached skill level 4 in Stealth
  1128 | D:2      | Reached XP level 4. HP: 26/30 MP: 5/5
  1253 | D:2      | Found a shadowy altar of Dithmenos.
  1525 | D:2      | Found a burning altar of Makhleb.
  1534 | D:2      | Found a glowing silver altar of Zin.
  1534 | D:2      | Noticed an angel
  1535 | D:2      | Noticed a cacodemon
  2277 | D:3      | Reached skill level 5 in Stealth
  2277 | D:3      | Reached XP level 5. HP: 21/35 MP: 6/6
  2476 | D:3      | Found a transporter.
  2476 | D:3      | Noticed Bstoun's ghost (amateur HOFi)
  3059 | D:3      | Reached skill level 6 in Stealth
  3060 | D:3      | Reached ** piety under Lugonu
  3062 | D:3      | Slain by an orc

Levels and vault maps discovered:
D:1:      grunt_arrival_crossed_arrows, layout_loops_corners,
          minmay_split_cup_large
D:2:      layout_basic, grunt_temple_overflow_order_and_chaos_2,
          nicolae_dithmenos_shadow_blocks
D:3:      layout_loops_ring, gammafunk_ghost_mausoleum, lexackson_kobold_supper,
          uniq_natasha

Skill      XL: |  1  2  3  4  5 |
---------------+----------------+-----
Stealth        | 1 2 4 5 6 |  6.2
Fighting       | |  2.6
Short Blades   | |  2.4
Armour         | |  2.1
Dodging        | |  1.1
Invocations    | |  2.0

Action                   |  1- 3 |  4- 6 || total
-------------------------+-------+-------++-------
Melee: Short sword       |    88 |   126 ||   214
Invok: Depart the Abyss  |     1 |       ||     1
  Use: Scroll            |     3 |       ||     3
 Stab: Sleeping          |     4 |     7 ||    11
  Eat: Chunk             |       |     7 ||     7
Armor: Leather armour    |     9 |    14 ||    23
Dodge: Dodged            |    60 |    82 ||   142
